Unix NetHack Version 5.0.0-0 post-release - last build Jun 10 2026 00:39:30 (3ee93aec679c4c4259841fe613dc97188e26a321,branch:main).

Game began 2026-06-12 18:40:55, ended 2026-06-12 19:48:30.

Ch3Begorrah, chaotic male human Rogue

                                                      ---------          ----
    ---------------                       -------    --.......------  ---o.<|
    |...))........|      -------          |.....|    |..--....&....|---o.o..|
    ||----.--.---+--     |....>|          |.._..|    |.. ---------.|0@oo|o.--
    |..-.|.-|...|..|  ---|....--  ---     |.....|             ----.B&o0-|
    |..|--..-|--|..|---..|..----  -.-..   ---|---   -----   --|.......B.|
    ||--........--|-.....-|---... ..| .     |.|    --...----..|....|.----
    |................--........-  -.|       |.| ----.....|....|..-----
    --..--|--------..|-......%-|..-.|      --.---.............|..| ------
     -..|.........|--|....{..........# #----...........---......-- |..(.|
     ...|?.?.*?..[|  |.......--|..|)|  -...........|   |........|  |.@..|
    ---------------  |--....----- |.|  .|...---...-    --....--------|---
     |.......| ------|....|...|`.--)|...---..|...--     --...|-...---.-
     -------.| |(`(.|-...---..|.....|....-|.....-       .--..|......%..-|..|
       |...|.| |`](.-...-|....|-.....)....|-..----.|.--.-*..............-..|
       |...|.| |.((.|-...|...-|....).)G...|.............[.----..........-----
  -------|--.| ------|........|..--.........---------.--+-| --..............|
  |....|....)--------|....|...|-----.......--  |(((.|.| ..| |.........-----||
  ||-..)..{...|......--...|..--    ---..)--    |(.(.-.|)..| -------..--  ...|
  |(|..|........----.....-----         ---     |(.(.|------       ----   . .|
  ---------------  -------                     ------                    ---
Ch3Begorrah the Rogue   St:16 Dx:17 Co:16 In:10 Wi:9 Ch:9  Chaotic
Dlvl:5  $:63 HP:0(72) Pw:34(34) AC:-5 Xp:8 T:4768  Fainted  Deaf

Latest messages:
 The water demon zaps a wand of striking!
 The wand misses you.
 The hill orc misses!
 The water demon zaps a wand of striking!
 The wand misses you.
 The hill orc misses!
 The water demon thrusts her short sword.
 The water demon hits!
 The water demon just misses!
 The water demon bites!
 The hill orc hits!
 The water demon thrusts her short sword.
 The water demon hits!
 The water demon hits!
 The water demon bites!
 You regain consciousness.
 You miss the water demon.
 The hill orc misses!
 The hill orc misses!
 The water demon thrusts her short sword.
 The water demon misses!
 The water demon hits!
 The water demon misses!
 You miss the water demon.
 The hill orc misses!
 The hill orc hits!
 The water demon thrusts her short sword.
 The water demon misses!
 The water demon misses!
 The water demon misses!
 You hear an animal carcass being offered in sacrifice.
 You miss the water demon.
 The hill orc hits!
 The hill orc misses!
 The water demon thrusts her short sword.
 The water demon just misses!
 The water demon hits!
 The water demon bites!
 You miss the water demon.
 The water demon thrusts her short sword.
 The water demon misses!
 The water demon hits!
 The water demon misses!
 You faint from lack of food.
 The hill orc hits!
 The hill orc hits!
 The water demon thrusts her short sword.
 The water demon hits!
 You die...
 Do you want your possessions identified? [ynq] (y) q

Inventory:
 Coins    ('$')
  $ - 63 gold pieces
 Amulets  ('"')
  i - an uncursed amulet of ESP (being worn)
 Weapons  (')')
  t - a cursed -4 elven dagger (weapon in right hand)
 Armor    ('[')
  s - a blessed +3 orcish helm (being worn)
  u - an uncursed +1 pair of iron shoes (being worn)
  H - a blessed +1 cloak of invisibility (being worn)
  p - an uncursed +0 dwarvish mithril-coat (being worn)
 Gems/Stones  ('*')
  k - a cursed amethyst stone
  E - an uncursed citrine stone
  M - an uncursed diamond
  C - 3 uncursed emeralds
  z - an uncursed jasper stone
  x - an uncursed sapphire
  F - 2 uncursed worthless pieces of black glass
  G - 2 uncursed worthless pieces of orange glass
  l - 2 uncursed worthless pieces of red glass
  A - an uncursed worthless piece of yellow glass

Ch3Begorrah the Rogue's attributes:

Background:
 You were a Rogue, level 8 male human.
 You were chaotic, nominally on a mission for Kos
 who was opposed by Issek (lawful) and Mog (neutral).
 You were right-handed.
 You were in the Gnomish Mines, on level 5.
 You entered the dungeon 4768 turns ago.
 You had 1667 experience points, 893 more were needed to attain level 9.

Basics:
 You had 0 out of 72 hit points.
 You had all 34 energy points (spell power).
 Your armor class was -5.
 Your wallet contained 63 zorkmids.
 Autopickup was on for '$!/(' plus thrown, with exceptions.

Final Characteristics:
 Your strength was 16 (base:17, limit:18/100).
 Your dexterity was 17 (peak:18, limit:18).
 Your constitution was 16 (limit:18).
 Your intelligence was 10 (limit:18).
 Your wisdom was 9 (limit:18).
 Your charisma was 9 (limit:18).

Final Status:
 You were deaf.
 You were fainted due to starvation.
 You were unencumbered.
 You were wielding a dagger.
 You had basic skill with dagger and could have enhanced that.

Final Attributes:
 You had transgressed.
 You could recognize detrimental food.
 You were telepathic.
 You were invisible.
 You were stealthy.
 You were guarded.
 You are dead.

Miscellaneous:
 You didn't encounter any bones levels.
 Total elapsed playing time was 1 hour, 7 minutes and 35 seconds.

Major events:
 Turn
    1: Ch3Begorrah the chaotic male human Rogue entered the dungeon
  496: entered the Gnomish Mines
  515: attained the rank of Cutpurse (level 3)
  772: reached Mine Town
 1360: attained the rank of Rogue (level 6)
 4768: killed by a water demon, while fainted from lack of food

You didn't know any spells.

Skills:
 Fighting Skills
   bare handed combat [Unskilled]
   two weapon combat  [Unskilled]
   riding             [Unskilled]
 Weapon Skills
   dagger             [Basic]
   knife              [Unskilled]
   short sword        [Basic]
   broadsword         [Unskilled]
   long sword         [Unskilled]
   two-handed sword   [Unskilled]
   saber              [Unskilled]
   club               [Unskilled]
   mace               [Unskilled]
   morning star       [Unskilled]
   flail              [Unskilled]
   hammer             [Unskilled]
   polearms           [Unskilled]
   spear              [Unskilled]
   crossbow           [Unskilled]
   dart               [Unskilled]
   shuriken           [Unskilled]
 Spellcasting Skills
   divination spells  [Unskilled]
   escape spells      [Unskilled]
   matter spells      [Unskilled]

Voluntary challenges:
 Character rerolling was not enabled.
 You followed a strict vegan diet.
 You were an atheist.
 You never genocided any monsters.
 You never polymorphed an object.
 You never changed form.
 You used no wishes.
Achievements:
 You entered the Gnomish Mines.
 You attained the rank of Cutpurse.
 You entered Minetown.
 You entered a shop.
 You attained the rank of Rogue.
 You entered a temple.

 The Dungeons of Doom: levels 1 to 3
    Level 1:
       A grave.
    Level 2:
       A fountain.
       Stairs down to The Gnomish Mines.
    Level 3:
 The Gnomish Mines: levels 3 to 10
    Level 3:
    Level 4:
    Level 5: <- You were here.
       Many shops, a temple and an altar, some fountains.
       Final resting place for
          you, killed by a water demon, while fainted from lack of food.
    Level 6:
    Level 7:
    Level 8:
    Level 9:
    Level 10:
       A fountain.


Vanquished creatures:
  a watch captain
  a giant zombie
  2 shocking spheres
  4 watchmen
  2 dust vortices
  a raven
  a gnome mummy
  2 snakes
  2 wood nymphs
  a mountain nymph
  2 Uruk-hai
  a rock piercer
  3 yellow lights
  a shrieker
 13 gnome leaders
  5 gnomish wizards
  a kobold mummy
  5 elf zombies
  2 paper golems
 14 dwarves
  a homunculus
  a hill orc
  3 rothes
  a centipede
  2 giant bats
  a monkey
  a dwarf zombie
  3 killer bees
  2 gas spores
  3 hobbits
  a large kobold
  2 hobgoblins
  3 giant rats
  a cave spider
 50 gnomes
  a gnome zombie
  2 geckos
  5 jackals
  a fox
  3 goblins
  3 grid bugs
  a bat
  2 lichens
  3 newts
160 creatures vanquished.

No species were genocided or became extinct.

Game over:
                       ----------
                      /          \
                     /    REST    \
                    /      IN      \
                   /     PEACE      \
                  /                  \
                  |   Ch3Begorrah    |
                  |      63 Au       |
                  |   killed by a    |
                  |   water demon    |
                  |                  |
                  |                  |
                  |       2026       |
                 *|     *  *  *      | *
        _________)/\\_//(\/(/\)/\//\/|_)_______

Goodbye Ch3Begorrah the Rogue...

You died in The Gnomish Mines on dungeon level 5 with 7265 points,
and 63 pieces of gold, after 4768 moves.
You were level 8 with a maximum of 72 hit points when you died.

